 Dungeon Crawl Stone Soup version 0.31.0-32-g396128a36d (webtiles) character file.

Game seed: 12006358958309435242

877 Frostproof the Frost Mage (level 8, -1/52 HPs)
             Began as an Octopode Ice Elementalist on Apr 13, 2024.
             Was an Initiate of Gozag.
             Slain by an ice beast (10 damage)
             ... on level 6 of the Dungeon.
             The game lasted 00:11:22 (5762 turns).

Frostproof the Frost Mage (OpIE)                    Turns: 5762, Time: 00:11:24

Health: -1/52      AC:  1    Str:  8    XL:     8   Next: 4%
Magic:  19/21      EV: 13    Int: 19    God:    Gozag
Gold:   349        SH:  5    Dex: 12    Spells: 3/13 levels left

rFire   . . .        b - +0 dagger
rCold   . . .        (no shield)
rNeg    . . .        (helmet restricted)
rPois   .            s - amulet of reflection
rElec   .            M - ring of magical power
rCorr   .            (no ring)
SInv    .            (no ring)
Will    .....        (no ring)
Stlth   +++          (no ring)
HPRegen 0.28/turn    (no ring)
MPRegen 0.17/turn    (no ring)
                     (no ring)

%: reflection
@: no status effects
A: almost no armour, amphibious, 8 rings, camouflage 1, gelatinous body 1,
(nimble swimmer 1), tentacles
a: Renounce Religion, Potion Petition, Call Merchant, Bribe Branch


You were on level 6 of the Dungeon.
You worshipped Gozag.
Gozag was aware of your devotion.
You visited 1 branch of the dungeon, and saw 6 of its levels.

You collected 413 gold pieces.
You paid 64 gold pieces to Gozag.


Innate Abilities, Weirdness & Mutations

You cannot wear most types of armour.
You are amphibious.
You can wear up to eight rings at the same time.
Your skin changes colour to match your surroundings (Stealth+).
Your rubbery body absorbs attacks. (AC +1, EV +1)
((You are camouflaged when in or above water. (Stealth+)))
You have tentacles for arms and can constrict up to eight enemies at once.


   Skills:
 - Level 3.0 Fighting
 - Level 2.0 Dodging
 - Level 2.6 Stealth
 - Level 3.0 Spellcasting
 - Level 2.0 Summonings
 + Level 8.5 Ice Magic


You had 3 spell levels left.
You knew the following spells:

 Your Spells              Type           Power      Damage    Failure   Level
b - Summon Ice Beast      Ice/Summ       22%        N/A       5%          3
f - Freeze                Ice            100%       1d10      1%          1
o - Ozocubu's Armour      Ice            35%        N/A       1%          3
r - Frozen Ramparts       Ice            70%        1d11      1%          3

Your spell library contained the following spells:

 Spells                   Type           Power      Damage    Failure   Level
 Apportation              Tloc           4%         N/A       16%         1
 Foxfire                  Conj/Fire      8%         2x1d4     16%         1
 Jinxbite                 Hex            4%         N/A       22%         2
 Tukima's Dance           Hex            2%         N/A       41%         3
 Passage of Golubria      Tloc           2%         N/A       83%         4
 Alistair's Intoxication  Alch           1%         N/A       99%         5
 Yara's Violent Unravell  Hex/Alch       1%         3d3       99%         5
 Plasma Beam              Fire/Air       1%         2x1d11    100%        6
 Starburst                Conj/Fire      1%         6d3       100%        6

Inventory:

Hand Weapons
 b - a +0 dagger (weapon)
Missiles
 f - 19 poisoned darts (quivered)
Jewellery
 s - an amulet of reflection (around mantle)
 M - a ring of magical power (left tentacle)
Wands
 k - a wand of flame (2)
 t - a wand of iceblast (11)
 w - a wand of light (9)
Scrolls
 c - a scroll of torment {unknown}
 d - a scroll of fog {unknown}
 e - a scroll of fear {unknown}
 g - a scroll of noise {unknown}
 h - 2 scrolls of immolation {unknown}
 i - 2 scrolls of teleportation {unknown}
 m - a scroll of butterflies {unknown}
 n - 4 scrolls of identify {unknown}
 q - a scroll of poison {unknown}
Potions
 a - a potion of magic
 j - a potion of resistance {unknown}
 l - 2 potions of might {unknown}
 o - a potion of curing {unknown}
 p - a potion of enlightenment {unknown}
 r - a potion of degeneration {unknown}
 u - a potion of ambrosia {unknown}
 v - a potion of haste {unknown}

Dungeon Overview and Level Annotations

Branches:
Dungeon (6/15)
 Temple: D:4-7

Altars:
Gozag
Sif Muna
Yredelemnul

Annotations:
D:4 1 transporter, Seabass1289's ghost, novice TeCj

################
[.....YY@.....>#
###....##..###.#
##### #.##. #..#
#.# #...# # #.
#..###.###.#.# #.
#....#.....#.# #.
##.#.#.#####.# #.
#.#.#.....#.#
#>###...#.###...#
#..<...##.# #####


You could see an ice beast (ally target) and a friendly ice beast (summoned).


Message History

The ice beast completely misses you.
Your ice beast closely misses the ice beast.
Aiming: Throw Flame
Press: ? - help, Shift-Dir - straight line, f/p - ice beast
Aim: an ice beast (moderately wounded, ally target, 68% to hit)
The puff of flame hits the ice beast!
The ice beast melts!
The ice beast is heavily wounded.
You block the ice beast's attack.
Your ice beast hits the ice beast.
Your ice beast freezes the ice beast.
The ice beast completely resists.
Aiming: Throw Flame
Press: ? - help, Shift-Dir - straight line, f/p - ice beast
Aim: an ice beast (heavily wounded, ally target, 68% to hit)
The puff of flame hits the ice beast.
The ice beast melts!
The ice beast is severely wounded.
The ice beast hits you.
* * * LOW HITPOINT WARNING * * *
The ice beast freezes you!
* * * LOW HITPOINT WARNING * * *
Your ice beast closely misses the ice beast.
Unknown command.
Unknown command.
Unknown command.
Aiming: Throw Flame
Press: ? - help, Shift-Dir - straight line, f/p - ice beast
Aim: an ice beast (severely wounded, ally target, 68% to hit)
The puff of flame misses the ice beast.
The ice beast hits you.
* * * LOW HITPOINT WARNING * * *
The ice beast freezes you!
You die...
Your body crumbles into a pile of gold.

Skill      XL: |  1  2  3  4  5  6  7 |
---------------+----------------------+-----
Fighting       | 1 2 3 |  3.0
Ice Magic      | 5 6 7 8 |  8.5
Summonings     | 2 |  2.0
Spellcasting   | 3 |  3.0
Dodging        | |  2.0
Stealth        | |  2.6

Action                     |  1- 3 |  4- 6 |  7- 9 || total
---------------------------+-------+-------+-------++-------
  Melee: Dagger            |    71 |    98 |    40 ||   209
         Unarmed           |     9 |       |       ||     9
         Constrict         |    16 |    28 |     8 ||    52
         Tentacles         |     9 |    17 |    13 ||    39
         Punch             |       |     2 |       ||     2
  Throw: Dart              |       |    12 |       ||    12
   Cast: Freeze            |     5 |    10 |       ||    15
         Ozocubu's Armour  |     1 |    11 |     6 ||    18
         Frozen Ramparts   |       |    12 |     8 ||    20
         Summon Ice Beast  |       |       |     9 ||     9
  Evoke: Wand              |       |       |     4 ||     4
   Stab: Sleeping          |    12 |     7 |       ||    19
 Armour: Skin              |    40 |    55 |    22 ||   117
  Dodge: Dodged            |    45 |    59 |    20 ||   124
  Block: Other             |       |     2 |    12 ||    14
         Reflection        |       |     1 |       ||     1

Levels and vault maps discovered:
D:1:      evilmike_arrival_crescent, layout_loops_ring
D:2:      layout_basic, dilly_ecumenical_altar_fadedgnrine, uniq_jessica,
          uniq_natasha
D:3:      minmay_octagon_keep, layout_loops_cross, minivault_19
D:4:      layout_basic, nicolae_gozag_seed_capital,
          mainiacjoe_overflow_alcove_4, gammafunk_ghost_smash
D:5:      layout_loops_cross, led_sif_pool, uniq_menkaure
D:6:      layout_basic, serial_corexii_hall, corexii_hall_statues_deadend,
          corexii_hall_statues_u, uniq_grinder, uniq_sigmund, uniq_eustachio,
          uniq_edmund

Notes
Turn   | Place    | Note
-------+----------+-------------------------------------------
     0 | D:1      | Frostproof the Octopode Ice Elementalist began the quest
                  | for the Orb.
     0 | D:1      | Reached XP level 1. HP: 11/11 MP: 3/3
   116 | D:1      | Reached skill level 1 in Fighting
   160 | D:1      | Reached XP level 2. HP: 15/18 MP: 5/5
   226 | D:1      | Reached skill level 2 in Fighting
   734 | D:2      | You fall into a shaft and drop 1 floor!
   790 | D:3      | Reached XP level 3. HP: 22/24 MP: 6/6
  1026 | D:2      | Learned a level 3 spell: Ozocubu's Armour
  1205 | D:2      | Noticed Natasha
  1223 | D:2      | HP: 2/24 [Natasha (2)]
  1224 | D:2      | Killed Natasha
  1225 | D:2      | Reached skill level 5 in Ice Magic
  1225 | D:2      | Reached XP level 4. HP: 3/29 MP: 7/7
  1408 | D:2      | Found a faded altar of an unknown god.
  1456 | D:2      | Noticed Natasha
  1474 | D:2      | Killed Natasha
  1607 | D:2      | Noticed Jessica
  1641 | D:2      | Killed Jessica
  1642 | D:2      | Reached XP level 5. HP: 26/34 MP: 8/8
  1779 | D:2      | Reached skill level 6 in Ice Magic
  1984 | D:2      | Noticed Natasha
  1996 | D:2      | Killed Natasha
  1997 | D:2      | Reached skill level 3 in Fighting
  2191 | D:2      | Learned a level 3 spell: Frozen Ramparts
  2716 | D:3      | Reached XP level 6. HP: 37/42 MP: 9/9
  3167 | D:4      | Found a basalt altar of Yredelemnul.
  3709 | D:4      | Found an opulent altar of Gozag.
  3717 | D:4      | Became a worshipper of Gozag Ym Sagoz the Greedy
  3857 | D:4      | Identified the +4 great mace "Killer Klown's Regret"
                  | {flame, rF+ rN+ Will+ Str-5}
  3858 | D:4      | Noticed Seabass1289's ghost (novice TeCj)
  3859 | D:4      | Found a transporter.
  4293 | D:5      | Entered Level 5 of the Dungeon
  4370 | D:5      | Reached skill level 7 in Ice Magic
  4416 | D:5      | Noticed a black bear
  4425 | D:5      | Killed a black bear
  4426 | D:5      | Reached XP level 7. HP: 26/46 MP: 10/10
  4707 | D:5      | Reached skill level 8 in Ice Magic
  4743 | D:5      | Learned a level 3 spell: Summon Ice Beast
  4914 | D:5      | Reached skill level 1 in Summonings
  5145 | D:5      | Found a shimmering blue altar of Sif Muna.
  5184 | D:5      | Noticed Menkaure
  5193 | D:5      | Killed Menkaure
  5194 | D:5      | Reached skill level 3 in Spellcasting
  5194 | D:5      | Reached skill level 2 in Summonings
  5596 | D:6      | Reached XP level 8. HP: 41/52 MP: 5/12
  5762 | D:6      | Slain by an ice beast

Vanquished Creatures
  A black bear (D:5)
  2 scorpions (D:5)
  A jelly (D:5)
  Jessica (D:2)
  An iguana (D:5)
  Natasha (thrice) (D:2)
  8 adders
  8 gnolls
  2 white imps
  A dart slug (D:5)
  2 ribbon worms (D:2)
  4 orcs
  An endoplasm (D:3)
  6 giant cockroaches
  14 goblins
  10 hobgoblins
  A jackal (D:3)
  2 quokkas (D:3)
  6 ball pythons
  5 bats
  4 frilled lizards
  11 kobolds
  8 rats
102 creatures vanquished.

Vanquished Creatures (collateral kills)
  Menkaure (D:5)
  A wight (D:6)
  A bombardier beetle (D:5)
  A sleepcap (D:5)
  3 gnolls (D:5)
7 creatures vanquished.

Grand Total: 109 creatures vanquished

Table legend: (Time is in decaauts)
 A = Elapsed time spent in this place.
 B = Non-inter-level travel time spent in this place.
 C = Inter-level travel time spent in this place.
 D = Time resting spent in this place.
 E = Time spent auto-exploring this place.
 F = Levels seen in this place.
 G = Mean time per level.
                   A        B        C        D        E       F      G
               +--------+--------+--------+--------+--------+-----+--------+
         Total |   5770 |   5486 |    284 |    881 |   3720 |   6 |  961.7 |
       Dungeon |   5770 |   5486 |    284 |    881 |   3720 |   6 |  961.7 |
               +--------+--------+--------+--------+--------+-----+--------+

Top non-repeatable levels by time:
     D:2: 1494 daAuts
     D:5: 1321 daAuts
     D:4: 1052 daAuts
     D:3: 1037 daAuts
     D:1: 718 daAuts
     D:6: 147 daAuts

Table legend:
 A = Non-vault XP
 B = Vault XP
 C = Vault XP percentage of total XP
 D = Non-vault monster count
 E = Vault monster count
 F = Vault count percentage of total count
                 A         B        C        D         E       F
            +---------+---------+-------+---------+---------+-------
      Total |     987 |     267 |  21.3 |      92 |      17 |  15.6
            +---------+---------+-------+---------+---------+-------
        D:1 |      28 |       0 |   0.0 |      18 |       0 |   0.0
        D:2 |     181 |      72 |  28.5 |      27 |       2 |   6.9
        D:3 |     120 |      26 |  17.8 |      20 |      14 |  41.2
        D:4 |      30 |       0 |   0.0 |      10 |       0 |   0.0
        D:5 |     546 |     169 |  23.6 |      15 |       1 |   6.2
        D:6 |      82 |       0 |   0.0 |       2 |       0 |   0.0
            +---------+---------+-------+---------+---------+-------
